 Dungeon Crawl Stone Soup version 0.17.1-2-g5865329 (webtiles) character file.

650137 JaminCrawler the Axe Maniac (level 27, -2/273 HPs)
             Began as a Minotaur Berserker on Apr 14, 2016.
             Was the Champion of Trog.
             Slain by Ereshkigal (11 damage)
             ... on level 7 of Tartarus on Apr 16, 2016.
             The game lasted 04:45:12 (68018 turns).

JaminCrawler the Axe Maniac (Minotaur Berserker)   Turns: 68018, Time: 04:45:12

Health: -2/273     AC: 49    Str: 47      XL:     27
Magic:  22/22      EV: 41    Int:  7 (10) God:    Trog [******]
Gold:   6897       SH:  0    Dex: 35      Spells: 0 memorised, 26 levels left

rFire  + . .     SeeInvis .     h - +8 executioner's axe "Rosuras" {holy, MR+ Dex+5}
rCold  + . .     Clarity  .     T - +9 plate armour of Integrity {*Drain Str+5 Stlth+}
rNeg   + . .     SustAt   .     (shield currently unavailable)
rPois  +         Gourm    .     q - +2 hat
rElec  +         Spirit   .     R - +2 cloak of the Stag {Str-2 Int+3 Dex+3}
rCorr  +         Warding  +     K - +2 pair of gloves {Dex+3}
rMut   .         Stasis   .     f - +2 pair of boots "Mialuul" {Stlth+}
MR     +++..                    y - brooch of Shielding {Ward rN+ AC+4 EV+4}
Stlth  +++.......               d - ring "Pelubump" {Str+7 Dex+3}
                                W - ring "Zifasid" {Str+5 Int+3 Dex+3}

@: mighty, exhausted, resistant, slowed, silenced, drained, very slow, extremely
resistant to hostile enchantments, fairly stealthy
A: retaliatory headbutt, horns 2
a: Renounce Religion
}: 3/15 runes: barnacled, silver, gossamer


You were on level 7 of Tartarus.
You worshipped Trog.
Trog was exalted by your worship.
You were not hungry.

You visited 12 branches of the dungeon, and saw 58 of its levels.
You visited the Abyss 3 times.
You also visited: Labyrinth and Wizlab.

You collected 8954 gold pieces.
You spent 2057 gold pieces at shops.

Inventory:

Hand Weapons
 h - the +8 executioner's axe "Rosuras" (weapon) {holy, MR+ Dex+5}
   (You acquired it on level 1 of the Shoals)

   It has been blessed by the Shining One to cause great damage to the undead
   and demons.
   It affects your dexterity (+5).
   It affects your resistance to hostile enchantments.
Armour
 f - the +2 pair of boots "Mialuul" (worn) {Stlth+}
   (You acquired it on level 5 of the Depths)

   It makes you more stealthy.
 q - a +2 hat (worn)
 K - a +2 pair of gloves of dexterity (worn)
 R - the +2 cloak of the Stag (worn) {Str-2 Int+3 Dex+3}
   (You found it in a wizard's laboratory)

   It affects your strength (-2).
   It affects your intelligence (+3).
   It affects your dexterity (+3).
 S - the +3 cloak "Vobbasch" {rPois Regen+ Stlth-}
   (You found it in a wizard's laboratory)

   It protects you from poison.
   It increases your rate of regeneration.
   It makes you less stealthy.
 T - the +9 plate armour of Integrity (worn) {*Drain Str+5 Stlth+}
   (You bought it in a shop on level 6 of the Dungeon)

   It affects your strength (+5).
   It causes draining when unequipped.
   It makes you more stealthy.
Jewellery
 d - the ring "Pelubump" (right hand) {Str+7 Dex+3}
   (You found it in a labyrinth)

   [ring of dexterity]

   It affects your strength (+7).
   It affects your dexterity (+3).
 l - an uncursed amulet of regeneration
 u - an uncursed amulet of clarity
 v - the ring "Pocwuh" {rC+ rN+++ MR+ Dex+6 Stlth-}
   (You took it off a deep elf demonologist on level 5 of the Vaults)

   [ring of protection from cold]

   It affects your dexterity (+6).
   It protects you from cold.
   It renders you almost immune to negative energy.
   It affects your resistance to hostile enchantments.
   It makes you less stealthy.
 y - the brooch of Shielding (around neck) {Ward rN+ AC+4 EV+4}
   (You found it on level 1 of the Depths)

   [amulet of warding]

   It may prevent the melee attacks of summoned creatures.
   It affects your AC (+4).
   It affects your evasion (+4).
   It protects you from negative energy.
 L - an uncursed amulet of resist corrosion
 M - the ring "Hyrchegakh" {MR- Slay+6 SInv Stlth+}
   (You took it off an orc on level 4 of the Depths)

   [ring of see invisible]

   It affects your accuracy and damage with ranged weapons and melee attacks
   (+6).
   It affects your resistance to hostile enchantments.
   It lets you see invisible.
   It makes you more stealthy.
 Q - an uncursed amulet of guardian spirit
 W - the ring "Zifasid" (left hand) {Str+5 Int+3 Dex+3}
   (You found it on level 4 of the Depths)

   [ring of strength]

   It affects your strength (+5).
   It affects your intelligence (+3).
   It affects your dexterity (+3).
 Z - an uncursed ring of positive energy
Scrolls
 b - 2 scrolls of magic mapping
 n - 11 scrolls of fog
 t - 25 scrolls of remove curse
 A - 8 scrolls of identify
 C - 5 scrolls of silence
 J - 4 scrolls of fear
 N - 4 scrolls of holy word
 O - 4 scrolls of enchant armour
 P - 11 scrolls of enchant weapon
 U - a scroll of summoning
 Y - a scroll of brand weapon
Potions
 a - 9 potions of agility
 g - 4 potions of flight
 i - 10 potions of brilliance
 m - 3 potions of resistance
 z - 3 potions of haste
 B - 10 potions of might
 E - a potion of cure mutation
 H - a potion of magic
 V - a potion of beneficial mutation
Books
 j - the Compendium of Ashen Unholy Magic
   (You found it on level 7 of Tartarus)

   Spells                             Type                      Level
   a - Pain                           Necromancy                   1
   b - Corpse Rot                     Necromancy                   2
   c - Bolt of Magma                  Conjuration/Fire/Earth       5
   d - Death Channel                  Necromancy                   6
   e - Statue Form                    Transmutation/Earth          6
   Trog disapproves of the use of such an item.
Comestibles
 c - 23 bread rations


   Skills:
 O Level 27(26.4) Fighting
 O Level 27(26.4) Axes
   Level 2.7(18.4) Polearms
 O Level 27(26.4) Armour
 + Level 25.0(24.4) Dodging
 + Level 11.8(11.4) Stealth


You had 26 spell levels left.
You didn't know any spells.

Dungeon Overview and Level Annotations

Branches:
Dungeon (15/15)            Temple (0/1) D:7            Lair (8/8) D:9
 Shoals (4/4) Lair:6       Spider (4/4) Lair:6        Slime (1/6) Lair:7
    Orc (4/4) D:12            Elf (3/3) Orc:3        Vaults (5/5) D:14
  Crypt (1/3) Vaults:3     Depths (5/5) D:15           Hell (1/1)
    Dis (0/7) Hell            Geh (0/7) Hell            Tar (7/7) Hell
    Zot (0/5) Depths:5
    Coc: Hell:1

Altars:
Ashenzari
Cheibriados
Dithmenos
Fedhas
Kikubaaqudgha
Makhleb
Nemelex Xobeh
Okawaru
Ru
Sif Muna
Xom
The Shining One
Beogh
Jiyva

Shops:
D:6 [   D:10 *   Orc:1 [   Orc:2 *   Orc:4 *(==   Elf:1 :(   Elf:2 *
Shoals:4 [   Vaults:1 *   Vaults:3 [   Depths:4 :

Portals:
Hell: Depths:1 Depths:2 Depths:3 Depths:4 Depths:5
Abyss: Depths:4
Pandemonium: Depths:3 Depths:5
Ziggurat: Depths:3
Trove: Vaults:2 (give +4 storm dragon armour)

Annotations:
Hell exclusion: 2 ice statues
Tar:7 Ereshkigal


Innate Abilities, Weirdness & Mutations

You reflexively headbutt those who attack you in melee.
You have a pair of horns on your head.


Message History

Ereshkigal gestures at you. You resist with almost no effort.
Ereshkigal gestures at you. The bolt of cold misses you.
Ereshkigal calls on the powers of darkness!
Your body is wracked with pain!
* * * LOW HITPOINT WARNING * * *
Ereshkigal calls on the powers of darkness!
Your body is wracked with pain!
* * * LOW HITPOINT WARNING * * *
Ereshkigal hits you but does no damage.
Drink which item? (? for menu, Esc to quit)
You feel very mighty all of a sudden.
Ereshkigal gestures. x2
Okay, then.
Ereshkigal calls on the powers of darkness!
Your body is wracked with pain!
* * * LOW HITPOINT WARNING * * *
Ereshkigal hits you!
You die...

........# ...#........ ........#
##### ###)#†....... ........#
#...# #..2)........
........#####.#.#####.##########
........#.....#.†...2.#..)..#
........#.#######.#####.#.#.###
........#...#.....#.....#.#...#
........#.#.#.#####.#####.###.###
........#)#.#.#.@.#.....#...#...#
........###.#.###&#####.###.###.#
........#..)#...21....#.#...# ..#
........#.#.###########.#.###.###
........#!#.#...........#.# ..
........#.###.###########.###
........#...#.# ..#...#...#
........###.#.### #.#.#.###.#
........#...#...# #.#.#.....#


You could see Ereshkigal and an Ice Fiend.

Vanquished Creatures
  2 ancient liches
  Mara (Vaults:2)
  Sojobo (Vaults:3)
  Boris (Depths:3)
  Frederick (Vaults:5)
  Margery (Vaults:3)
  Saint Roka (Vaults:3)
  A caustic shrike (Depths:3)
  Geryon (Hell)
  Nikola (Shoals:2)
  4 golden dragons
  Jory (Vaults:2)
  A profane servitor (Abyss:1)
  8 liches
  9 bone dragons
  The ghost of Zargon the Fencer, an adept DrAK of Lugonu (Vaults:4)
  Jorgrun (Vaults:5)
  8 tentacled monstrosities
  20 Shadow Fiends
  3 deep elf blademasters
  2 titans (Vaults:5)
  2 deep elf master archers (Elf:3)
  An acid blob (Slime:1)
  10 tentacled starspawn
  6 sphinxes
  Polyphemus (Shoals:2)
  Gastronok (Lair:3)
  2 eldritch tentacles
  Agnes (D:15)
  2 storm dragons
  5 tengu reavers
  7 shadow dragons
  Roxanne (Shoals:3)
  2 daevas (Abyss:1)
  Ilsuiw (Shoals:4)
  Wiglaf (Vaults:1)
  11 frost giants
  Maud (Lair:6)
  11 fire giants
  2 iron dragons
  7 emperor scorpions
  3 ghost moths (Spider:4)
  A balrug (Tar:1)
  A cacodemon (Abyss:1)
  Aizul (Vaults:2)
  3 orc warlords
  13 vault wardens
  9 deep elf sorcerers
  2 curse skulls
  An angel (Abyss:1)
  A draconian shifter (Depths:5)
  3 spriggan defenders
  13 very ugly things
  20 reapers
  A draconian annihilator (Depths:5)
  A salamander firebrand (Hell)
  28 stone giants
  A draconian caller (Abyss:1)
  4 war gargoyles (Vaults:5)
  22 ironheart preservers
  5 vampire knights
  2 ophanim (Abyss:1)
  A green draconian (Depths:5)
  A salamander stormcaller (Vaults:5)
  11 deep elf demonologists
  15 deep elf annihilators
  A red draconian (Depths:5)
  A mottled draconian (Depths:5)
  2 purple draconians (Depths:5)
  2 eidola (Tar:7)
  30 vault guards
  2 blizzard demons
  3 green deaths
  9 deep elf death magi
  Snorg (Lair:8)
  7 merfolk javelineers
  15 ettins
  11 merfolk impalers
  A minotaur (Lab)
  A quicksilver dragon zombie (Tar:6)
  4 deep elf high priests
  18 yaktaur captains
  8 fire dragons
  6 jiangshi
  A ghost crab (Tar:7)
  9 rakshasas
  A quicksilver dragon skeleton (Tar:5)
  14 great orbs of eyes
  Harold (Lair:1)
  3 spriggan air magi
  19 ogre magi
  3 catoblepae
  8 hydras
  A merfolk avatar (Shoals:4)
  Erica (Lair:1)
  7 entropy weavers
  A death knight (Crypt:1)
  17 dancing weapons
  8 ice dragons
  12 centaur warriors
  3 tengu warriors
  A satyr (Shoals:4)
  15 deep troll earth magi
  12 deep troll shamans
  6 thrashing horrors (Abyss:1)
  4 vampire magi
  6 spriggan berserkers
  6 death yaks
  2 titan zombies (Tar:1)
  A hell hog (Abyss:1)
  A queen ant (Spider:4)
  A fire crab (shapeshifter) (Depths:2)
  6 orc high priests
  18 soul eaters
  10 sun demons
  20 deep elf knights
  A naga sharpshooter (Depths:4)
  2 fire crabs
  8 ice devils
  2 storm dragon zombies
  An iron troll (shapeshifter) (Vaults:5)
  A titan skeleton (Tar:1)
  11 wretched stars (Abyss:1)
  33 deep trolls
  7 flayed ghosts
  8 sea snakes
  49 skeletal warriors
  4 iron trolls
  2 spatial maelstroms (Abyss:1)
  29 hell knights
  4 unseen horrors
  3 anaconda zombies
  2 storm dragon skeletons
  11 shadow demons
  10 deep elf summoners
  10 shadow wraiths
  13 phantasmal warriors
  21 harpies
  5 giant orange brains
  A shadow dragon zombie (Tar:7)
  5 wizards
  2 obsidian statues
  An orange crystal statue (Depths:2)
  2 death drakes
  Pikel (D:9)
  An anaconda skeleton (WizLab)
  A deep troll (shapeshifter) (Vaults:5)
  9 hill giants
  3 lindwurms
  15 orc knights
  A sphinx zombie (Vaults:3)
  11 griffons
  17 necromancers
  2 wolf spider zombies (Tar:7)
  A tengu zombie (Depths:2)
  8 orc sorcerers
  20 deep elf conjurers
  The ghost of alcopop the Destroyer, a novice DECj of Vehumet (D:7)
  4 stone giant zombies
  19 orb spiders
  19 ironbrand convokers
  3 water nymphs
  2 frost giant zombies
  8 hornets
  An iron dragon zombie (Abyss:1)
  A sphinx skeleton (Depths:2)
  2 fire giant zombies
  51 ugly things
  4 shadow dragon skeletons
  5 fauns
  5 sixfirhies
  7 worldbinders
  38 slime creatures
  13 manticores
  2 rust devils
  7 black mambas
  2 iron dragon skeletons
  22 wolf spiders
  A dire elephant zombie (Tar:7)
  10 sirens
  12 cyclopes
  2 guardian serpents (Depths:4)
  9 smoke demons (Abyss:1)
  Maurice (Orc:4)
  20 elephants
  An eye of devastation (Abyss:1)
  4 fire giant skeletons
  2 frost giant skeletons
  A guardian serpent (shapeshifter) (Vaults:5)
  2 moths of wrath
  30 large abominations (Abyss:1)
  3 spriggan zombies
  Joseph (Lair:1)
  8 orange demons
  17 vault sentinels
  2 apocalypse crabs (Abyss:1)
  4 torpor snails
  3 stone giant skeletons
  21 spiny frogs
  6 hellions
  A gargoyle (D:11)
  2 dire elephant skeletons
  3 human zombies
  3 kobold demonologists
  2 yaktaurs (shapeshifter)
  17 demonic crawlers
  3 fire drakes
  An efreet (D:15)
  2 catoblepas zombies (Tar:7)
  6 tormentors
  10 komodo dragons
  41 yaktaurs
  5 tengu conjurers
  17 freezing wraiths
  16 ancient zymes
  4 human skeletons (Vaults:3)
  3 hellwings
  31 jumping spiders
  3 harpy zombies
  A queen bee (D:11)
  32 two-headed ogres
  5 hydra zombies
  13 deep elf priests
  A two-headed ogre (shapeshifter) (Vaults:1)
  3 polar bears
  3 wind drakes
  31 merfolk
  A raiju (shapeshifter) (Vaults:5)
  A blue devil (Tar:2)
  12 trolls
  5 silent spectres
  A hydra skeleton (Abyss:1)
  A fire dragon zombie (Tar:7)
  3 ice dragon zombies
  A harpy skeleton (Tar:7)
  A blink frog (shapeshifter) (Depths:2)
  2 snapping turtles
  3 spriggans (Depths:4)
  A tarantella (shapeshifter) (Depths:4)
  16 raiju
  2 boulder beetles
  An ettin zombie (Tar:7)
  11 blink frogs
  A boulder beetle (shapeshifter) (Vaults:2)
  20 starcursed masses
  2 alligator skeletons
  27 deep elf magi
  25 tarantellas
  63 redbacks
  5 ettin skeletons
  17 shadows
  5 vampires
  A redback (shapeshifter) (Depths:4)
  17 trapdoor spiders
  36 small abominations
  3 wyverns
  2 yaks (shapeshifter)
  18 flying skulls
  A spriggan (shapeshifter) (Vaults:2)
  6 air elementals
  An ice dragon skeleton (Tar:7)
  11 wraiths
  4 fire elementals (Hell)
  62 yaks
  11 ynoxinuls (Abyss:1)
  5 golden eyes (Abyss:1)
  A golden eye (shapeshifter) (Vaults:1)
  4 water elementals
  10 hippogriffs
  4 chaos spawn (Abyss:1)
  A basilisk (shapeshifter) (Elf:2)
  3 basilisks
  2 black mamba skeletons
  38 deep elf fighters
  A hippogriff (shapeshifter) (Depths:1)
  9 neqoxecs (Abyss:1)
  9 soldier ants
  21 wolves
  10 hungry ghosts
  Menkaure (D:7)
  6 spatial vortices
  10 wargs
  9 insubstantial wisps
  3 nagas (Depths:4)
  60 orc warriors
  17 vampire mosquitoes
  A porcupine (shapeshifter) (Elf:3)
  A deep troll skeleton (Vaults:3)
  6 ice beasts
  5 phantoms
  29 water moccasins
  3 eyes of draining (Abyss:1)
  36 spiders
  2 black bears (shapeshifter)
  19 hell hounds
  3 sky beasts (D:11)
  3 black bears
  A hornet simulacrum (D:15)
  14 porcupines
  2 manticore zombies
  A slave (D:9)
  54 ogres
  A swamp dragon zombie (Tar:5)
  An eye of draining (shapeshifter) (Vaults:1)
  A snapping turtle zombie (Tar:1)
  16 necrophages
  A tengu (shapeshifter) (D:15)
  5 wasps
  9 boggarts
  11 centaurs
  2 manticore skeletons (Tar:7)
  16 crocodiles
  A snapping turtle skeleton (Tar:1)
  A brain worm (Abyss:1)
  24 giant frogs
  3 big kobolds
  A big kobold (shapeshifter) (Depths:3)
  A water moccasin zombie (D:6)
  3 scorpions
  A wyvern skeleton (D:13)
  A troll zombie (Tar:7)
  2 human simulacra
  24 wights
  2 elf skeletons (Vaults:3)
  30 killer bees
  2 electric eels
  3 spriggan skeletons (D:10)
  A troll skeleton (Tar:7)
  A warg skeleton (Crypt:1)
  10 crimson imps
  5 quasits
  3 giant frog zombies
  6 centaur zombies
  3 giant frog skeletons
  37 orc priests
  7 hounds
  7 iron imps (Abyss:1)
  6 jellies
  22 orc wizards
  2 wasp zombies (D:9)
  5 centaur skeletons
  Jessica (D:2)
  26 worker ants
  9 iguanas
  6 hell rats (Hell)
  26 sheep
  2 killer bee zombies
  A hound zombie (D:7)
  6 gnolls
  A worker ant zombie (D:5)
  28 adders
  61 river rats
  27 shadow imps
  10 white imps (Abyss:1)
  2 giant eyeballs (Depths:4)
  10 ufetubi (Abyss:1)
  5 worms
  An adder zombie (D:8)
  232 orcs
  3 bats
  8 goblins
  13 hobgoblins
  3 ball pythons
  3 giant cockroaches
  8 giant geckos
  5 giant newts
  12 jackals
  20 kobolds
  6 quokkas
  A quokka skeleton (D:6)
  4 rats
  4 crawling corpses
  11 fungi
  10 plants
  11 starspawn tentacles
  A starspawn tentacle segment (Abyss:1)
3278 creatures vanquished.

Vanquished Creatures (collateral kills)
  A vault warden (Vaults:2)
  A salamander stormcaller (Vaults:3)
  A large abomination (Elf:3)
  A merfolk javelineer (Shoals:4)
  2 deep elf death magi (Elf:3)
  3 merfolk impalers (Shoals:4)
  A small abomination (Vaults:3)
  A vault guard (Vaults:2)
  A jiangshi (Crypt:1)
  A great orb of eyes (Vaults:3)
  4 merfolk aquamancers (Shoals:4)
  An orc sorcerer (Vaults:2)
  A manticore (Shoals:4)
  A snapping turtle (Shoals:4)
  A trapdoor spider (Spider:4)
  A redback (Spider:4)
  A wraith (Crypt:1)
  A tarantella (Spider:4)
24 creatures vanquished.

Vanquished Creatures (others)
  An ancient lich (Vaults:5)
  An ettin (Vaults:3)
  A deep elf knight (Elf:2)
  An orc knight (Vaults:3)
  A siren (Shoals:2)
  A water elemental (Hell)
  A deep elf fighter (Elf:1)
  A spatial vortex (Tar:6)
  A small abomination (Abyss:1)
  A worker ant (D:9)
  A gnoll (D:9)
  2 adders
  An orc (Depths:4)
  A crawling corpse (Elf:3)
  1556 eldritch tentacle segments
  18 fungi
  5 lost souls
  A lurking horror (Abyss:1)
  10 plants
  18 starspawn tentacles
  116 starspawn tentacle segments
1739 creatures vanquished.

Grand Total: 5041 creatures vanquished

Notes
Turn   | Place    | Note
--------------------------------------------------------------
     0 | D:1      | JaminCrawler the Minotaur Berserker began the quest for the Orb.
     0 | D:1      | Reached XP level 1. HP: 19/19 MP: 0/0
   130 | D:1      | Reached skill level 4 in Axes
   164 | D:1      | Reached XP level 2. HP: 18/27 MP: 1/1
   646 | D:2      | Reached ** piety under Trog
   789 | D:2      | Reached XP level 3. HP: 30/33 MP: 2/2
   824 | D:2      | Noticed Jessica
   831 | D:2      | Killed Jessica
   846 | D:2      | Reached XP level 4. HP: 35/40 MP: 3/3
   981 | D:2      | Reached skill level 5 in Axes
   982 | D:2      | HP: 3/61 [gnoll/whip (3)]
  1243 | D:2      | Reached XP level 5. HP: 36/47 MP: 4/4
  1254 | D:2      | Found an iron altar of Okawaru.
  1847 | D:3      | Found a faded altar to an unknown god.
  2079 | D:3      | Found a shimmering altar of Xom.
  2079 | D:3      | Found a shadowy altar of Dithmenos.
  2079 | D:3      | Found a shattered altar of Ashenzari.
  2111 | D:3      | Found a shadowy altar of Dithmenos.
  3099 | D:5      | Entered Level 5 of the Dungeon
  3099 | D:5      | Noticed a necrophage
  3112 | D:5      | Killed a necrophage
  3112 | D:5      | Reached skill level 5 in Fighting
  3154 | D:5      | Reached XP level 6. HP: 23/56 MP: 5/5
  3289 | D:5      | Reached skill level 1 in Stealth
  3769 | D:5      | Noticed a centaur
  3785 | D:5      | Killed a centaur
  4281 | D:6      | Found Moakucuu's Armour Shoppe.
  4317 | D:6      | Reached *** piety under Trog
  4352 | D:6      | Reached skill level 1 in Polearms
  4352 | D:6      | Reached skill level 5 in Dodging
  4352 | D:6      | Reached XP level 7. HP: 62/62 MP: 6/6
  4465 | D:6      | Reached skill level 6 in Fighting
  4936 | D:7      | Reached skill level 5 in Armour
  4955 | D:7      | Reached XP level 8. HP: 67/71 MP: 7/7
  4983 | D:7      | Found a burning altar of Makhleb.
  5048 | D:7      | Found a glowing golden altar of the Shining One.
  5048 | D:7      | Found an ancient bone altar of Kikubaaqudgha.
  5049 | D:7      | Found a blossoming altar of Fedhas.
  5072 | D:7      | Found a sparkling altar of Nemelex Xobeh.
  5092 | D:7      | Found a snail-covered altar of Cheibriados.
  5124 | D:7      | Reached skill level 7 in Fighting
  5196 | D:7      | Reached **** piety under Trog
  5222 | D:7      | Noticed alcopop's ghost (novice DECj)
  5229 | D:7      | Killed alcopop's ghost
  5259 | D:7      | Noticed Menkaure
  5427 | D:7      | Reached skill level 8 in Axes
  5455 | D:7      | Found a staircase to the Ecumenical Temple.
  5481 | D:7      | Reached XP level 9. HP: 70/81 MP: 8/8
  6009 | D:8      | Found a deep blue altar of Sif Muna.
  6301 | D:9      | Noticed Pikel
  6308 | D:9      | Killed Pikel
  6308 | D:9      | Reached skill level 9 in Axes
  6565 | D:9      | Found a staircase to the Lair.
  6605 | D:9      | Reached skill level 10 in Axes
  6616 | D:9      | Reached XP level 10. HP: 34/91 MP: 9/9
  7066 | D:9      | Found a sacrificial altar of Ru.
  7174 | Lair:1   | Entered Level 1 of the Lair of Beasts
  7211 | Lair:1   | Reached skill level 10 in Fighting
  7306 | Lair:1   | You fall through a shaft!
  7559 | Lair:2   | Reached skill level 11 in Axes
  7703 | Lair:2   | Reached ***** piety under Trog
  7734 | Lair:2   | HP: 3/95 [spiny frog (12)]
  7737 | Lair:2   | Reached XP level 11. HP: 49/102 MP: 10/10
  7871 | Lair:2   | Reached skill level 12 in Axes
  7871 | Lair:2   | Reached skill level 10 in Armour
  8313 | Lair:3   | Noticed Gastronok
  8326 | Lair:3   | Killed Gastronok
  8743 | Lair:3   | Received a gift from Trog
  8758 | Lair:3   | Noticed a five-headed hydra
  8766 | Lair:3   | Killed an eight-headed hydra
  8766 | Lair:3   | Reached skill level 13 in Axes
  9207 | Lair:3   | Noticed an eight-headed hydra
  9213 | Lair:3   | Killed a ten-headed hydra
  9213 | Lair:3   | Reached XP level 12. HP: 113/113 MP: 11/11
  9599 | Lair:4   | Found a shadowy altar of Dithmenos.
 10368 | Lair:5   | Reached skill level 14 in Axes
 11059 | Lair:5   | Received a gift from Trog
 11194 | Lair:6   | Found a staircase to the Shoals.
 11197 | Lair:6   | Reached skill level 15 in Axes
 11217 | Lair:6   | Found a hole to the Spider Nest.
 11218 | Lair:6   | Noticed Maud
 11231 | Lair:6   | Killed Maud
 11231 | Lair:6   | Reached XP level 13. HP: 88/123 MP: 12/12
 11298 | Lair:6   | Found a labyrinth entrance.
 11316 | Lab      | Entered a labyrinth
 11961 | Lab      | Found an exit through the horrors of the Abyss.
 12073 | Lab      | Got a bound iron ring
 12073 | Lab      | Got a sparkling copper ring
 12161 | Lair:6   | Received a gift from Trog
 12809 | Lair:7   | Reached skill level 16 in Axes
 12977 | Lair:7   | Found a snail-covered altar of Cheibriados.
 13834 | Lair:7   | Found a viscous altar of Jiyva.
 13835 | Lair:7   | Found a staircase to the Slime Pits.
 14132 | Lair:8   | Entered Level 8 of the Lair of Beasts
 14142 | Lair:8   | Received a gift from Trog
 14155 | Lair:8   | Identified Uhirikha's Compendium of Conjuration
 14378 | Lair:8   | Identified the ring "Pelubump" {Str+7 Dex+3} (You found it in a labyrinth)
 14381 | Lair:8   | Identified the ring "Ysoul" {rN+ Int+6 Dex+2} (You found it in a labyrinth)
 14440 | Lair:8   | Noticed Snorg
 14450 | Lair:8   | Killed Snorg
 14450 | Lair:8   | Reached skill level 17 in Axes
 14453 | Lair:8   | Reached skill level 15 in Fighting
 14613 | Lair:8   | Reached ****** piety under Trog
 14613 | Lair:8   | Received a gift from Trog
 14704 | Lair:8   | Reached XP level 14. HP: 122/135 MP: 4/13
 15959 | Lair:1   | Noticed Harold
 15970 | Lair:1   | Killed Harold
 15999 | Lair:1   | Noticed an eight-headed hydra
 16009 | Lair:1   | Killed an 11-headed hydra
 16014 | Lair:1   | Noticed Erica
 16031 | Lair:1   | Received a gift from Trog
 16037 | Lair:1   | Killed Erica
 16552 | D:7      | Killed Menkaure
 16883 | D:6      | Bought the +9 plate armour of Integrity {*Drain Str+5 Stlth+} for 1075 gold pieces
 17073 | D:10     | Entered Level 10 of the Dungeon
 17326 | D:10     | Reached skill level 10 in Dodging
 17350 | D:10     | Gained mutation: You are somewhat resistant to further mutation. [potion of beneficial mutation]
 17351 | D:10     | Gained mutation: You are surrounded by a mild repulsion field (EV +2). [potion of beneficial mutation]
 17374 | D:10     | Found Ecall's Elemental Accessories.
 17456 | D:10     | Reached skill level 18 in Axes
 18753 | D:12     | Found a staircase to the Orcish Mines.
 18761 | D:12     | Received a gift from Trog
 18859 | Orc:1    | Entered Level 1 of the Orcish Mines
 18875 | Orc:1    | Found Ublaosocs's Antique Armour Boutique.
 19114 | Orc:2    | Found Mozetu's Assorted Antiques.
 19149 | Orc:2    | Bought a potion of curing for 87 gold pieces
 19558 | Orc:3    | Received a gift from Trog
 19936 | Orc:3    | Found a staircase to the Elven Halls.
 20030 | Orc:4    | Entered Level 4 of the Orcish Mines
 20239 | Orc:4    | Found a roughly hewn altar of Beogh.
 20277 | Orc:4    | Received a gift from Trog
 20319 | Orc:4    | Found Meelehae's General Store.
 20368 | Orc:4    | Bought a potion of heal wounds for 70 gold pieces
 20368 | Orc:4    | Bought a beef jerky for 21 gold pieces
 20374 | Orc:4    | Found Gery's Weapon Shoppe.
 20538 | Orc:4    | Reached XP level 15. HP: 145/145 MP: 4/14
 20890 | Orc:4    | Noticed Maurice
 20894 | Orc:4    | Killed Maurice
 20947 | Orc:4    | Found Afogeg's Jewellery Shop.
 20959 | Orc:4    | Reached skill level 19 in Axes
 20978 | Orc:4    | Noticed an orc warlord
 20988 | Orc:4    | Found a roughly hewn altar of Beogh.
 20993 | Orc:4    | Killed an orc warlord
 21001 | Orc:4    | Received a gift from Trog
 21074 | Orc:4    | Found Koh Zize's Jewellery Shoppe.
 21821 | Orc:1    | Received a gift from Trog
 22185 | Orc:1    | Bought a pair of runed gloves for 144 gold pieces
 22557 | D:6      | Bought the -3 cloak "Vaugg" {*Corrode rC+ rN+++ MR+} for 318 gold pieces
 23788 | D:13     | Received a gift from Trog
 24863 | D:14     | Reached skill level 20 in Axes
 24870 | D:14     | Reached skill level 15 in Armour
 24888 | D:14     | Found a gate to the Vaults.
 24951 | D:15     | Entered Level 15 of the Dungeon
 24975 | D:15     | Noticed Agnes
 24989 | D:15     | Killed Agnes
 25065 | D:15     | Found a staircase to the Depths.
 25168 | D:15     | Received a gift from Trog
 25573 | D:15     | Reached XP level 16. HP: 143/156 MP: 5/15
 26208 | Spider:1 | Entered Level 1 of the Spider Nest
 27198 | Spider:2 | Reached skill level 21 in Axes
 27738 | Spider:3 | Received a gift from Trog
 29190 | Spider:4 | Entered Level 4 of the Spider Nest
 29203 | Spider:4 | Received a gift from Trog
 29993 | Spider:4 | Reached skill level 22 in Axes
 29993 | Spider:4 | Reached XP level 17. HP: 116/166 MP: 3/16
 30861 | Spider:4 | Received a gift from Trog
 31548 | Spider:4 | Paralysed by a hornet for 2 turns
 31927 | Spider:4 | Got a gossamer rune of Zot
 33080 | Shoals:1 | Entered Level 1 of the Shoals
 33486 | Shoals:1 | Identified a scroll of acquirement
 33489 | Shoals:1 | Got a bloodstained executioner's axe
 33491 | Shoals:1 | Identified the +8 executioner's axe "Rosuras" {holy, MR+ Dex+5} (You acquired it on level 1 of the Shoals)
 33708 | Shoals:1 | Received a gift from Trog
 34544 | Shoals:2 | Noticed Nikola
 34572 | Shoals:2 | Killed Nikola
 34658 | Shoals:2 | Noticed Polyphemus
 34679 | Shoals:2 | Killed Polyphemus
 34679 | Shoals:2 | Reached skill level 23 in Axes
 34932 | Shoals:3 | Noticed Roxanne
 34951 | Shoals:3 | Killed Roxanne
 35340 | Shoals:3 | Reached XP level 18. HP: 178/178 MP: 17/17
 35419 | Shoals:4 | Entered Level 4 of the Shoals
 35694 | Shoals:4 | Found Sawk's Armour Shoppe.
 35703 | Shoals:4 | Bought a +1 pair of gloves of dexterity for 280 gold pieces
 35995 | Shoals:4 | Received a gift from Trog
 35999 | Shoals:4 | Noticed Ilsuiw
 36229 | Shoals:4 | Killed Ilsuiw
 36365 | Shoals:4 | Got a barnacled rune of Zot
 36735 | Lair:1   | Noticed Joseph
 36741 | Lair:1   | Killed Joseph
 36741 | Lair:1   | Reached skill level 24 in Axes
 37093 | Slime:1  | Entered Level 1 of the Pits of Slime
 37537 | Elf:1    | Entered Level 1 of the Elven Halls
 37591 | Elf:1    | Found Curah's Weapon Shoppe.
 37620 | Elf:1    | Received a gift from Trog
 37629 | Elf:1    | Found Gefeext's Book Boutique.
 38099 | Elf:1    | Found an ancient bone altar of Kikubaaqudgha.
 38162 | Elf:1    | Received a gift from Trog
 38225 | Elf:1    | Got an ancient battleaxe {god gift}
 38226 | Elf:1    | Identified the +4 battleaxe of Doom {elec, +Inv rF++ Str-3 Dex+4} (Trog gifted it to you on level 1 of the Elven Halls)
 38297 | Elf:2    | Found Vyabeij's Assorted Antiques.
 38513 | Elf:2    | Found Qehosum's Gadget Shop.
 38700 | Elf:2    | Found a runed door.
 38727 | Elf:2    | Found a runed door.
 38968 | Elf:2    | Received a gift from Trog
 39055 | Elf:2    | Reached XP level 19. HP: 188/188 MP: 18/18
 39102 | Elf:2    | Reached skill level 25 in Axes
 39502 | Elf:3    | Entered Level 3 of the Elven Halls
 39645 | Elf:3    | Cast into the Abyss (a deep elf sorcerer)
 39645 | Abyss:1  | Found a corrupted altar of Lugonu.
 39847 | Abyss:1  | Received a gift from Trog
 39916 | Abyss:1  | Noticed a lich
 39923 | Abyss:1  | Killed a lich
 40147 | Abyss:1  | Found a corrupted altar of Lugonu.
 40250 | Abyss:1  | Found a corrupted altar of Lugonu.
 40291 | Abyss:1  | Noticed a bone dragon
 40480 | Abyss:1  | Noticed a bone dragon
 40491 | Abyss:1  | Killed a bone dragon
 40842 | Elf:3    | Escaped the Abyss
 40846 | Elf:3    | Reached skill level 26 in Axes
 40860 | Elf:3    | Received a gift from Trog
 41325 | Elf:3    | Received a gift from Trog
 41362 | Elf:3    | Reached XP level 20. HP: 69/200 MP: 19/19
 41728 | Elf:3    | Got a clouded platinum ring
 41740 | Elf:3    | Got a brightly glowing executioner's axe {god gift}
 41745 | Elf:3    | Identified the +1 executioner's axe "Aqereawk" {chop, Str+5} (Trog gifted it to you on level 3 of the Elven Halls)
 41858 | Elf:3    | Got an ancient ivory ring
 41898 | Elf:3    | Identified the Almanac of Destructive Contamination
 41908 | Elf:3    | Identified the ring "Zoadaetu" {rF- rC+ rN+ Dex+4} (You took it off a deep elf blademaster on level 3 of the Elven Halls)
 41910 | Elf:3    | Identified the ring "Kuidus" {+Inv Slay+3 SInv} (You took it off a deep elf demonologist on level 3 of the Elven Halls)
 42121 | Elf:3    | Got a wavering pewter ring
 42520 | Vaults:1 | Entered Level 1 of the Vaults
 42572 | Vaults:1 | Received a gift from Trog
 42706 | Vaults:1 | Reached skill level 27 in Axes
 42766 | Vaults:1 | Identified the ring "Iparghid" {rC+ Str+3 SInv} (You took it off a deep elf high priest on level 3 of the Elven Halls)
 42775 | Vaults:1 | Got a smoking war axe
 42776 | Vaults:1 | Identified the +9 war axe "Wiewal" {flame, rPois Str+2 Int+3 SInv} (You found it on level 1 of the Vaults)
 42839 | Vaults:1 | Found Niulishru's Assorted Antiques.
 42861 | Vaults:1 | Bought a scroll of identify for 62 gold pieces
 42873 | Vaults:1 | Received a gift from Trog
 42958 | Vaults:1 | Noticed Wiglaf
 42966 | Vaults:1 | Killed Wiglaf
 43209 | Vaults:1 | Received a gift from Trog
 43981 | Vaults:2 | Found a magical portal.
 43986 | WizLab   | Entered The Roulette of Golubria
 43988 | WizLab   | Found a corrupted altar of Lugonu.
 44115 | WizLab   | Found a corrupted altar of Lugonu.
 44431 | WizLab   | Got an ancient cloak
 44532 | WizLab   | Got a dazzling cloak
 44545 | WizLab   | Identified the +0 cloak of the Solstice {+Fly rC+ Int-4 SInv} (You found it in a wizard's laboratory)
 44555 | WizLab   | Identified the +2 cloak of the Stag {Str-2 Int+3 Dex+3} (You found it in a wizard's laboratory)
 44559 | WizLab   | Got a faintly humming cloak
 44570 | WizLab   | Identified the +3 cloak "Vobbasch" {rPois Regen+ Stlth-} (You found it in a wizard's laboratory)
 44739 | Vaults:2 | Reached XP level 21. HP: 213/213 MP: 20/20
 44743 | Vaults:2 | Found a portal to a secret trove of treasure.
 44799 | Vaults:2 | Noticed Aizul
 44809 | Vaults:2 | Killed Aizul
 45052 | Vaults:2 | Noticed Jory
 45061 | Vaults:2 | Killed Jory
 45263 | Vaults:2 | Noticed Mara
 45268 | Vaults:2 | Killed Mara
 45268 | Vaults:2 | Received a gift from Trog
 45954 | Vaults:2 | Received a gift from Trog
 46244 | Vaults:3 | Noticed Saint Roka
 46256 | Vaults:3 | Killed Saint Roka
 46662 | Vaults:3 | Noticed Margery
 46670 | Vaults:3 | Killed Margery
 46670 | Vaults:3 | Received a gift from Trog
 46814 | Vaults:3 | Noticed Sojobo
 46833 | Vaults:3 | Killed Sojobo
 47329 | Vaults:3 | Found Jelyosk's Armour Boutique.
 47359 | Vaults:3 | Received a gift from Trog
 47578 | Vaults:3 | Reached XP level 22. HP: 228/228 MP: 21/21
 47813 | Vaults:3 | Found a staircase to the Crypt.
 48146 | Vaults:4 | Noticed Zargon's ghost (adept DrAK)
 48166 | Vaults:4 | Killed Zargon's ghost
 48624 | Vaults:4 | Received a gift from Trog
 48710 | Vaults:4 | Reached skill level 27 in Fighting
 48854 | Vaults:4 | Received a gift from Trog
 49129 | Vaults:5 | Entered Level 5 of the Vaults
 49189 | Vaults:5 | Noticed Jorgrun
 49200 | Vaults:5 | Killed Jorgrun
 49209 | Vaults:5 | Noticed an ancient lich
 49214 | Vaults:5 | Cast into the Abyss (an ancient lich)
 49260 | Abyss:1  | Reached XP level 23. HP: 208/240 MP: 22/22
 49407 | Abyss:1  | Received a gift from Trog
 49608 | Abyss:1  | Gained mutation: You are frail (-10% HP). [a neqoxec]
 50217 | Abyss:1  | Paralysed by you for 5 turns
 50377 | Abyss:1  | Gained mutation: Your body sometimes deteriorates upon taking damage. [a neqoxec]
 50606 | Abyss:1  | Received a gift from Trog
 51327 | Abyss:1  | Found a corrupted altar of Lugonu.
 51381 | Abyss:1  | Found a corrupted altar of Lugonu.
 51806 | Vaults:5 | Escaped the Abyss
 51836 | Vaults:5 | Noticed an ancient lich
 51843 | Vaults:5 | Noticed Frederick
 51843 | Vaults:5 | Killed an ancient lich
 52066 | Vaults:5 | Killed Frederick
 52085 | Vaults:5 | Received a gift from Trog
 52227 | Vaults:5 | Reached skill level 5 in Stealth
 52227 | Vaults:5 | Reached XP level 24. HP: 127/224 MP: 22/22
 52317 | Vaults:5 | Cast into the Abyss (a deep elf sorcerer)
 52538 | Vaults:5 | Escaped the Abyss
 52605 | Vaults:5 | Got a brightly glowing emerald amulet
 52620 | Vaults:5 | Got a brightly glowing lapis lazuli ring
 52960 | Vaults:5 | Identified the amulet "Wepoadgh" {Stasis Str+4} (You took it off a yaktaur captain on level 5 of the Vaults)
 52962 | Vaults:5 | Identified the ring "Pocwuh" {rC+ rN+++ MR+ Dex+6 Stlth-} (You took it off a deep elf demonologist on level 5 of the Vaults)
 53059 | Vaults:5 | Got a silver rune of Zot
 53083 | Vaults:5 | Killed an ancient lich
 53163 | Vaults:5 | Got a crude jade ring
 53348 | Vaults:5 | Received a gift from Trog
 53505 | Vaults:5 | Identified Omumezik's Papyrus of the Birds
 53606 | Vaults:5 | Identified the ring of the Moon {Wiz rF+ rN+} (You took it off a vault warden on level 5 of the Vaults)
 54340 | Crypt:1  | Entered Level 1 of the Crypt
 54357 | Crypt:1  | Reached skill level 15 in Dodging
 54905 | Depths:1 | Entered Level 1 of the Depths
 54909 | Depths:1 | Received a gift from Trog
 54949 | Depths:1 | Found a gateway to Hell.
 55165 | Depths:1 | Found a shattered altar of Ashenzari.
 55708 | Depths:2 | Received a gift from Trog
 56131 | Depths:2 | Found a shimmering altar of Xom.
 56535 | Depths:3 | Reached XP level 25. HP: 111/231 MP: 22/22
 56618 | Depths:3 | Received a gift from Trog
 56648 | Depths:3 | Noticed Boris
 56660 | Depths:3 | Killed Boris
 57103 | Depths:3 | Reached skill level 27 in Armour
 57360 | Depths:3 | Got a scintillating wooden ring
 57376 | Depths:3 | Got a scintillating marble ring
 57648 | Depths:3 | Found a one-way gate leading to the halls of Pandemonium.
 57692 | Depths:3 | Found a gateway to a ziggurat.
 57790 | Depths:3 | Identified the ring of the Cockatrice {+Fly rC+ Str+4} (You took it off a fire giant on level 3 of the Depths)
 57792 | Depths:3 | Identified the ring "Ehiafam" {*Confuse rPois rN+ MR+ Slay-4} (You took it off a spriggan defender on level 3 of the Depths)
 58156 | Depths:4 | Got a coiled brass ring
 58197 | Depths:4 | Paralysed by a giant eyeball for 2 turns
 58202 | Depths:4 | Paralysed by a giant eyeball for 2 turns
 58233 | Depths:4 | Found Bobe's Book Emporium.
 58259 | Depths:4 | Received a gift from Trog
 58276 | Depths:4 | Got a clouded steel ring
 58278 | Depths:4 | Identified the ring "Vog Wijikh" {+/*Tele Str-2 SInv Stlth+} (You found it on level 4 of the Depths)
 58280 | Depths:4 | Identified the ring "Zifasid" {Str+5 Int+3 Dex+3} (You found it on level 4 of the Depths)
 58341 | Depths:4 | Found a one-way gate to the infinite horrors of the Abyss.
 58372 | Depths:4 | Paralysed by a giant eyeball for 3 turns
 58424 | Depths:4 | Got a steaming tin ring
 58656 | Depths:4 | Received a gift from Trog
 58924 | Depths:4 | Identified the ring "Hyrchegakh" {MR- Slay+6 SInv Stlth+} (You took it off an orc on level 4 of the Depths)
 59203 | Depths:5 | Entered Level 5 of the Depths
 59249 | Depths:5 | Received a gift from Trog
 59331 | Depths:5 | Reached XP level 26. HP: 166/239 MP: 22/22
 59580 | Depths:5 | Found a gate to the Realm of Zot.
 60200 | Depths:5 | Got a pair of encrusted boots
 60211 | Depths:5 | Identified the +2 pair of boots "Mialuul" {Stlth+} (You acquired it on level 5 of the Depths)
 60583 | Depths:5 | Received a gift from Trog
 60617 | Hell     | Entered the Vestibule of Hell
 60617 | Hell     | Noticed Geryon
 60684 | Hell     | Found a gateway to the Iron City of Dis.
 61047 | Hell     | Noticed an ancient lich
 61071 | Depths:5 | Killed an ancient lich
 61383 | Hell     | Killed Geryon
 61449 | Hell     | Found a gateway to the ashen valley of Gehenna.
 61523 | Hell     | Found a gateway to the decaying netherworld of Tartarus.
 61532 | Tar:1    | Entered Level 1 of Tartarus
 62456 | Tar:1    | Received a gift from Trog
 64072 | Tar:5    | Reached XP level 27. HP: 202/231 MP: 22/22
 64124 | Tar:5    | Gained mutation: You are very frail (-20% HP). [mutagenic glow]
 64165 | Tar:5    | Lost mutation: You are somewhat resistant to further mutation. [mutagenic glow]
 64342 | Tar:7    | Entered Level 7 of Tartarus
 64350 | Tar:7    | Reached skill level 10 in Stealth
 64576 | Hell     | Lost mutation: You are very frail (-20% HP). [potion of cure mutation]
 64576 | Hell     | Lost mutation: Your body sometimes deteriorates upon taking damage. [potion of cure mutation]
 64576 | Hell     | Lost mutation: You are frail (-10% HP). [potion of cure mutation]
 64576 | Hell     | Lost mutation: You are surrounded by a mild repulsion field (EV +2). [potion of cure mutation]
 65035 | Tar:6    | HP: 11/270 [bone dragon (9)]
 66550 | Tar:7    | Noticed Ereshkigal
 67119 | Tar:7    | Received a gift from Trog
 67927 | Tar:7    | Identified the Compendium of Ashen Unholy Magic
 68013 | Tar:7    | HP: 12/273 [??? (8)]
 68018 | Tar:7    | Slain by Ereshkigal

Action                   |  1- 3 |  4- 6 |  7- 9 | 10-12 | 13-15 | 16-18 | 19-21 | 22-24 | 25-27 || total
-------------------------+-------+-------+-------+-------+-------+-------+-------+-------+-------++-------
Melee: Hand axe          |    62 |    96 |       |       |       |       |       |       |       ||   158
       Trident           |       |    56 |       |       |       |       |       |       |       ||    56
       Battleaxe         |       |       |   174 |   423 |   273 |       |       |       |       ||   870
       Broad axe         |       |       |       |       |  1041 |   630 |       |       |       ||  1671
       Executioner's axe |       |       |       |       |       |   516 |  1041 |  1143 |  1191 ||  3891
Invok: Berserk           |       |     1 |     1 |     4 |     8 |     7 |     3 |     3 |     3 ||    30
       Trog's Hand       |       |     1 |       |       |     1 |       |     1 |       |       ||     3
       Burn Spellbooks   |       |       |     1 |     1 |     6 |     4 |     8 |     2 |     5 ||    27
       Brothers in Arms  |       |       |       |       |       |     2 |     2 |     3 |     1 ||     8
  Use: Scroll            |     5 |    14 |     6 |     2 |    20 |    18 |     9 |     3 |    13 ||    90
       Potion            |       |       |     1 |     5 |     5 |    10 |     2 |     2 |    30 ||    55
 Stab: Distracted        |       |       |       |       |       |     1 |     1 |       |     3 ||     5
       Invisible         |       |       |       |       |       |       |       |     1 |     1 ||     2
       Sleeping          |       |       |       |       |       |       |       |       |     1 ||     1
  Eat: Chunk             |       |     3 |     3 |    20 |    38 |    16 |    16 |    13 |     4 ||   113
       Pizza             |       |     3 |       |       |     4 |     1 |     1 |     1 |       ||    10
       Meat ration       |       |     1 |     3 |       |     3 |     2 |     1 |     2 |     1 ||    13
       Beef jerky        |       |       |       |     3 |     3 |     7 |     2 |     1 |     4 ||    20
       Fruit             |       |       |       |     1 |     6 |     4 |     1 |     3 |     9 ||    24
       Royal jelly       |       |       |       |       |       |    10 |     3 |       |     1 ||    14
       Bread ration      |       |       |       |       |       |       |     2 |     3 |     4 ||     9
